 Dungeon Crawl Stone Soup version 0.22.1-1-ga44c0e56f4 (webtiles) character file.

27525 Peloso the Fencer (level 13, -11/116 HPs)
             Began as a Minotaur Fighter on Oct 21, 2018.
             Was the Champion of Okawaru.
             Killed from afar by an ice dragon (39 damage)
             ... with a blast of cold
             ... in an ice cave.
             The game lasted 00:33:33 (13563 turns).

Peloso the Fencer (Minotaur Fighter)               Turns: 13563, Time: 00:33:35

Health: -11/116    AC: 24    Str: 26    XL:     13   Next: 4%
Magic:  11/12      EV: 12    Int:  5    God:    Okawaru [******]
Gold:   680        SH: 19    Dex: 13    Spells: 12/12 levels left

rFire    . . .     SeeInvis .   a - +0 demon blade "Angut" {elec, *Rage rN+ MR+}
rCold    . . .     Gourm    .   c - +0 shield
rNeg     + + .     Faith    .   b - +2 plate armour {rPois}
rPois    +         Spirit   .   (helmet restricted)
rElec    .         Reflect  +   G - +1 cloak
rCorr    .         Harm     .   P - +0 pair of gloves {Str+3}
MR       +....     Rnd*Rage +   (no boots)
Stlth    ..........             q - +3 amulet of reflection
HPRegen  0.29/turn              (no ring)
MPRegen  0.13/turn              k - ring of positive energy

@: heroism, berserk cooldown
A: retaliatory headbutt, horns 2
a: Heroism, Finesse, Renounce Religion


You were in an ice cave.
You worshipped Okawaru.
Okawaru was exalted by your worship.
You were not hungry.

You visited 2 branches of the dungeon, and saw 15 of its levels.
You also visited: Ice Cave.

You collected 894 gold pieces.
You spent 214 gold pieces at shops.

Inventory:

Hand Weapons
 a - the +0 demon blade "Angut" (weapon) {elec, *Rage rN+ MR+}
   (Okawaru gifted it to you on level 8 of the Dungeon)

   Occasionally, upon striking a foe, it will discharge some electrical energy
   and cause terrible harm.
   It protects you from negative energy.
   It affects your resistance to hostile enchantments.
   It may make you go berserk in combat.
Armour
 b - a +2 plate armour of poison resistance (worn)
 c - a +0 shield (worn)
 G - a +1 cloak (worn)
 P - a +0 pair of gloves of strength (worn)
Jewellery
 k - a ring of positive energy (right hand)
 m - an uncursed ring of see invisible
 q - a +3 amulet of reflection (around neck)
 W - an uncursed amulet of the gourmand {unknown}
Wands
 V - a wand of digging (11)
Scrolls
 g - 2 scrolls of random uselessness {unknown}
 i - 7 scrolls of teleportation
 j - 4 scrolls of magic mapping
 t - 3 scrolls of enchant armour {unknown}
 u - a scroll of immolation {unknown}
 v - 9 scrolls of remove curse
 w - a scroll of noise {unknown}
 B - 3 scrolls of fear {unknown}
 C - 3 scrolls of blinking {unknown}
 L - a scroll of brand weapon {unknown}
Potions
 d - a potion of resistance
 e - 4 potions of heal wounds
 n - a potion of haste
 p - 2 potions of cancellation {unknown}
 D - 5 potions of curing
 E - a potion of berserk rage {unknown}
 F - 2 potions of flight {unknown}
 I - a potion of agility {unknown}
 J - 3 potions of lignification {unknown}
 M - 2 potions of magic {unknown}
 Q - a potion of invisibility {unknown}
 U - a potion of mutation {unknown}
Comestibles
 f - 26 rations


   Skills:
 + Level 11.4(16.4) Fighting
 + Level 15.0(20.0) Long Blades
 + Level 11.5(16.5) Armour
 + Level 3.7(8.7) Dodging
 + Level 1.9(6.9) Stealth
 + Level 14.0(19.0) Shields
 + Level 0.4 Invocations


You had 12 spell levels left.
You didn't know any spells.
Your spell library contained the following spells:

 Spells                   Type           Power        Failure   Level  Hunger
 Corona                   Hex            #......      97%         1    ##.....
 Magic Dart               Conj           #...         97%         1    ##.....
 Sandblast                Erth           #.....       97%         1    ##.....
 Summon Small Mammal      Summ           #...         97%         1    ##.....
 Blink                    Tloc           N/A          99%         2    ###....
 Call Imp                 Summ           #.......     99%         2    ###....
 Passwall                 Tmut/Erth      #.......     99%         2    ###....
 Slow                     Hex            #.......     99%         2    ###....
 Call Canine Familiar     Summ           #.......     100%        3    ####...
 Conjure Flame            Conj/Fire      #.......     100%        3    ####...
 Inner Flame              Hex/Fire       #.......     100%        3    ####...
 Mephitic Cloud           Conj/Pois/Air  #.......     100%        3    ####...
 Portal Projectile        Hex/Tloc       #.....       100%        3    ####...
 Stone Arrow              Conj/Erth      #.....       100%        3    ####...
 Summon Guardian Golem    Hex/Summ       #.......     100%        3    ####...
 Cause Fear               Hex            #.........   100%        4    #####..
 Leda's Liquefaction      Hex/Erth       #.........   100%        4    #####..
 Petrify                  Tmut/Erth      #.......     100%        4    #####..
 Summon Ice Beast         Ice/Summ       #.......     100%        4    #####..
 Summon Lightning Spire   Summ/Air       #.......     100%        4    #####..
 Bolt of Magma            Conj/Fire/Erth #.........   100%        5    ######.
 Iskenderun's Battlesphe  Conj/Chrm      #.......     100%        5    ######.
 Lee's Rapid Deconstruct  Erth           #.........   100%        5    ######.
 Venom Bolt               Conj/Pois      #.........   100%        5    ######.
 Iron Shot                Conj/Erth      #.........   100%        6    #######
 Orb of Destruction       Conj           #.........   100%        7    #######
 Spellforged Servitor     Conj/Summ      #.........   100%        7    #######


Dungeon Overview and Level Annotations

Branches:
Dungeon (12/15)            Temple (0/1) D:5            Lair (3/6) D:11
  Swamp (0/4) Lair:3       Spider (0/4) Lair:3          Orc (0/2) D:11

Altars:
Dithmenos
Kikubaaqudgha
Okawaru
Ru
Trog
Wu Jian
Xom

Shops:
D:4 ?   D:6 *   D:7 %


Innate Abilities, Weirdness & Mutations

You reflexively headbutt those who attack you in melee.
You have a pair of horns on your head.


Message History

Your plate armour prevents you from hitting the ice dragon.
The ice dragon is lightly wounded.
You closely miss the ice dragon.
The ice dragon is lightly wounded.
You block the ice dragon's attack. The ice dragon claws you!
You block the ice dragon's attack.
You closely miss the ice dragon.
The ice dragon is lightly wounded.
You slice the ice dragon!! You headbutt the ice dragon.
The ice dragon is moderately wounded.
The ice dragon breathes frost at you. The blast of cold hits you!
* * * LOW HITPOINT WARNING * * *
You hit the ice dragon but do no damage.
You headbutt the ice dragon, but do no damage.
The ice dragon is moderately wounded.
You hear a deafening roar!
The ice dragon breathes frost at you. The blast of cold hits you!
You die...

########
#.DD...####
.D...#@.....##
.D. ##.##...#
. ###..#####
#.##...#
#....#.##
##.###..## ###
##..####
##....###
##......


You could see 2 ice dragons.

Vanquished Creatures
  Harold (D:8)
  A hydra (Lair:1)
  A centaur warrior (D:10)
  4 two-headed ogres
  An unseen horror (D:10)
  A necromancer (D:12)
  Pikel (D:9)
  A deep elf mage (D:10)
  A manticore (D:12)
  Maurice (D:10)
  Psyche (D:9)
  2 black mambas
  2 ice statues (IceCv)
  A kobold demonologist (D:11)
  5 spiny frogs
  A rime drake (IceCv)
  A merfolk (D:10)
  A polar bear (Lair:2)
  Grinder (D:3)
  4 blink frogs (Lair:2)
  A hornet (D:11)
  4 slime creatures (D:12)
  5 hippogriffs
  A vampire (D:11)
  12 yaks
  A shadow (D:12)
  A hungry ghost (D:11)
  3 wyverns
  A wraith (D:7)
  Menkaure (D:7)
  7 vampire mosquitoes (D:12)
  Edmund (D:4)
  An acid dragon (D:12)
  8 water moccasins
  8 porcupines
  A soldier ant (D:12)
  2 sky beasts (D:8)
  A phantom (D:4)
  2 slaves (D:9)
  5 orc warriors
  An eye of draining (D:12)
  19 ice beasts
  5 ogres
  A black bear (D:12)
  8 centaurs
  7 crocodiles
  17 bullfrogs
  A gnoll sergeant (D:9)
  3 scorpions
  3 killer bees (D:6)
  3 howler monkeys (D:9)
  2 bullfrog zombies
  5 hounds
  A quasit (D:12)
  2 centaur zombies (D:12)
  3 jellies
  A centaur skeleton (D:10)
  5 orc priests
  4 bullfrog skeletons
  An iguana (D:6)
  12 worker ants
  7 orc wizards
  3 yak simulacra (D:12)
  5 polar bear simulacra (D:12)
  2 wolf simulacra (D:12)
  A killer bee zombie (D:6)
  A hound skeleton (D:6)
  A howler monkey zombie (D:5)
  A worker ant zombie (D:9)
  A howler monkey skeleton (D:10)
  4 gnolls (D:9)
  12 adders
  A shadow imp (D:9)
  2 adder zombies
  2 adder skeletons
  6 worms
  A dart slug (D:1)
  7 leopard geckos
  37 orcs
  8 giant cockroaches
  5 goblins
  12 hobgoblins
  10 jackals
  6 kobolds
  3 quokkas
  12 bats
  4 frilled lizards
  A leopard gecko zombie (D:5)
  6 rats
  A river rat simulacrum (D:12)
  2 butterflies (D:6)
  3 plants (Lair:1)
369 creatures vanquished.

Vanquished Creatures (others)
  4 centaurs
  A fungus (Lair:1)
  A plant (Lair:2)
6 creatures vanquished.

Grand Total: 375 creatures vanquished

Notes
Turn   | Place    | Note
-------+----------+-------------------------------------------
     0 | D:1      | Peloso the Minotaur Fighter began the quest for the Orb.
     0 | D:1      | Reached XP level 1. HP: 19/19 MP: 0/0
   197 | D:1      | Reached XP level 2. HP: 26/27 MP: 1/1
   449 | D:1      | Reached skill level 3 in Long Blades
   688 | D:2      | Reached XP level 3. HP: 31/33 MP: 2/2
   965 | D:2      | Found an iron altar of Okawaru.
   971 | D:2      | Became a worshipper of Warmaster Okawaru
  1443 | D:3      | Noticed Grinder
  1446 | D:3      | Paralysed by Grinder for 4 turns
  1462 | D:3      | Paralysed by Grinder for 5 turns
  1468 | D:3      | Killed Grinder
  1468 | D:3      | Reached * piety under Okawaru
  1468 | D:3      | Reached skill level 4 in Long Blades
  1468 | D:3      | Reached skill level 5 in Armour
  1468 | D:3      | Reached skill level 1 in Dodging
  1468 | D:3      | Reached XP level 4. HP: 28/41 MP: 3/3
  1468 | D:3      | Reached XP level 5. HP: 32/47 MP: 4/4
  1510 | D:3      | Reached skill level 5 in Shields
  1510 | D:3      | Reached XP level 6. HP: 43/53 MP: 5/5
  2440 | D:4      | Reached ** piety under Okawaru
  2440 | D:4      | Reached skill level 5 in Long Blades
  2608 | D:4      | Reached XP level 7. HP: 53/60 MP: 6/6
  2696 | D:4      | Found a shimmering altar of Xom.
  2697 | D:4      | Found a shadowy altar of Dithmenos.
  2701 | D:4      | Found a sacrificial altar of Ru.
  2783 | D:4      | Found Ifuvea's Magic Scroll Shop.
  2790 | D:4      | Bought a scroll of remove curse for 36 gold pieces
  2790 | D:4      | Bought a scroll of teleportation for 36 gold pieces
  2790 | D:4      | Bought a scroll of enchant weapon for 90 gold pieces
  2903 | D:4      | Noticed Edmund
  2915 | D:4      | Killed Edmund
  2915 | D:4      | Reached skill level 5 in Fighting
  3028 | D:5      | Entered Level 5 of the Dungeon
  3101 | D:5      | Reached skill level 6 in Long Blades
  3366 | D:5      | Found a bloodstained altar of Trog.
  3435 | D:5      | Reached *** piety under Okawaru
  3435 | D:5      | Reached XP level 8. HP: 63/69 MP: 7/7
  3791 | D:5      | Found a staircase to the Ecumenical Temple.
  3902 | D:6      | Found Orasap's General Store.
  4067 | D:6      | Bought a scroll of magic mapping for 52 gold pieces
  4170 | D:6      | Reached skill level 7 in Long Blades
  4199 | D:6      | Found a runed door.
  4217 | D:6      | Found a runed door.
  4343 | D:6      | Reached skill level 8 in Long Blades
  5030 | D:7      | Found Foel's Food Shop.
  5056 | D:7      | Reached **** piety under Okawaru
  5092 | D:7      | Noticed Menkaure
  5102 | D:7      | Reached XP level 9. HP: 75/75 MP: 8/8
  5116 | D:7      | Killed Menkaure
  5116 | D:7      | Reached skill level 9 in Long Blades
  5375 | D:7      | Found an ancient bone altar of Kikubaaqudgha.
  5709 | D:8      | Reached skill level 10 in Long Blades
  5771 | D:8      | Reached skill level 1 in Stealth
  5831 | D:8      | Reached ***** piety under Okawaru
  5831 | D:8      | Noticed a two-headed ogre
  5840 | D:8      | Killed a two-headed ogre
  6140 | D:8      | Reached XP level 10. HP: 70/86 MP: 9/9
  6396 | D:8      | Reached skill level 11 in Long Blades
  6444 | D:8      | Found an ornate altar of the Wu Jian Council.
  6522 | D:8      | Noticed Harold
  6542 | D:8      | Killed Harold
  6542 | D:8      | Received a gift from Okawaru
  6548 | D:8      | Got a brightly glowing demon blade {god gift}
  6549 | D:8      | Identified the +0 demon blade "Angut" {elec, *Rage rN+ MR+}
                  | (Okawaru gifted it to you on level 8 of the Dungeon)
  6996 | D:9      | Noticed Psyche
  7002 | D:9      | Killed Psyche
  7002 | D:9      | Reached skill level 10 in Shields
  7157 | D:9      | Noticed Pikel
  7180 | D:9      | Killed Pikel
  7344 | D:9      | Received a gift from Okawaru
  7405 | D:10     | Entered Level 10 of the Dungeon
  7444 | D:10     | Noticed Maurice
  7457 | D:10     | Killed Maurice
  7486 | D:10     | Reached skill level 12 in Long Blades
  7507 | D:10     | Reached XP level 11. HP: 89/95 MP: 10/10
  7520 | D:10     | Noticed a deep elf mage
  7526 | D:10     | Killed a deep elf mage
  7572 | D:10     | Killed an unseen horror
  7629 | D:10     | Noticed a two-headed ogre
  7639 | D:10     | Killed a two-headed ogre
  7884 | D:10     | Noticed a centaur warrior
  7890 | D:10     | Killed a centaur warrior
  8013 | D:10     | Reached skill level 10 in Armour
  8448 | D:11     | Reached skill level 13 in Long Blades
  8559 | D:11     | Found a staircase to the Orcish Mines.
  8665 | D:11     | Paralysed by a hornet for 2 turns
  8766 | D:11     | Got a bloodstained ring mail
  8778 | D:11     | Identified the cursed +0 ring mail "Holeteb" {rPois rF+
                  | Stlth+} (You found it on level 11 of the Dungeon)
  9125 | D:11     | Noticed a two-headed ogre
  9127 | D:11     | Killed a two-headed ogre
  9170 | D:11     | Found a staircase to the Lair.
  9307 | D:12     | Reached ****** piety under Okawaru
  9474 | D:12     | Reached XP level 12. HP: 99/106 MP: 11/11
  9526 | D:12     | Reached skill level 10 in Fighting
  9580 | D:12     | Received a gift from Okawaru
  9595 | D:12     | Reached skill level 14 in Long Blades
  9960 | D:12     | Noticed a two-headed ogre
  9969 | D:12     | Killed a two-headed ogre
 10273 | Lair:1   | Entered Level 1 of the Lair of Beasts
 10346 | Lair:1   | Got a dazzling spear
 10884 | Lair:1   | Noticed an eight-headed hydra
 10893 | Lair:1   | Killed a 15-headed hydra
 11917 | Lair:2   | Received a gift from Okawaru
 13047 | Lair:3   | Found a frozen archway.
 13063 | IceCv    | Entered an ice cave
 13110 | IceCv    | Reached skill level 15 in Long Blades
 13129 | IceCv    | Reached XP level 13. HP: 116/116 MP: 12/12
 13563 | IceCv    | Killed from afar by an ice dragon

Skill      XL: |  1  2  3  4  5  6  7  8  9 10 11 12 13 |
---------------+----------------------------------------+-----
Armour         | 4 5 6 7 8 9 10 11 | 11.5
Long Blades    | 3 4 5 6 8 10 12 13 15 | 15.0
Fighting       | 4 5 7 8 9 11 | 11.4
Shields        | 4 5 6 7 9 11 12 13 14 | 14.0
Dodging        | 1 2 3 |  3.7
Stealth        | 1 |  1.9
Invocations    | |  0.4

Action                   |  1- 3 |  4- 6 |  7- 9 | 10-12 | 13-15 || total
-------------------------+-------+-------+-------+-------+-------++-------
Melee: Long sword        |   104 |   110 |   327 |    52 |       ||   593
       Headbutt          |    16 |    11 |    73 |   142 |    14 ||   256
       Demon blade       |       |       |       |   614 |    37 ||   651
Invok: Heroism           |       |       |     2 |     3 |     1 ||     6
Evoke: Wand              |       |       |       |     3 |       ||     3
  Use: Potion            |     1 |       |     1 |       |       ||     2
       Scroll            |       |       |     5 |     7 |       ||    12
  Eat: Chunk             |     1 |     4 |    12 |    17 |       ||    34
       Ration            |       |       |       |     2 |     1 ||     3
Armor: Chain mail        |    79 |    62 |   110 |    45 |       ||   296
       Plate armour      |       |       |       |   154 |     9 ||   163
Dodge: Dodged            |    24 |    37 |    66 |   102 |     6 ||   235
Block: Shield            |    61 |    74 |   233 |   451 |    18 ||   837
       Reflection        |       |       |    10 |    22 |       ||    32
       Rpst.: Long sword |     6 |    13 |    21 |       |       ||    40
       Demon blade       |       |       |       |    24 |     1 ||    25
